AoeStats
← 我不知道

Glade

510518792Analyzed
1v1 RM · 1d ago on Oct 1, 2026· 34m 25s· 2 players
Game mode
Random Map
Map size
Tiny (2 player)
Population
200
Speed
Normal
Resources
Standard
Victory
Conquest
Starting age
Dark Age
Ending age
Imperial Age
RankedLock teamsTeams togetherTeam positionsShared explorationLock speedFull tech treeHidden civsTurbo modeCheats
Victory
Defeat
🇷🇺 Mongols · Russia
1060
+17
🇻🇪 Britons · Venezuela
1087
-17
我不知道
10:31 Feudal Age
14:54 Castle Age
14:16 Double-Bit Axe
16:01 Bow Saw
17:41 Loom
19:51 Horse Collar
21:53 Wheelbarrow
24:56 Town Watch
25:48 Fletching
30:57 Imperial Age
28:50 Heavy Plow
29:12 Bodkin Arrow
29:17 Padded Archer Armor
29:35 Gold Mining
29:40 Stone Mining
30:57 Ballistics
30:34 Murder Holes
31:04 Hand Cart
32:50 Chemistry
32:10 Bracer
33:50 Conscription
Sdts91
2:18 Loom
10:31 Feudal Age
12:12 Wheelbarrow
11:19 Horse Collar
11:26 Double-Bit Axe
20:41 Castle Age
18:33 Stone Mining
21:50 Heavy Plow
22:02 Bow Saw
25:34 Gold Mining
30:55 Imperial Age
28:12 Town Watch
28:45 Hand Cart
29:17 Fletching
29:57 Bodkin Arrow
30:46 Fortified Wall
33:12 Ballistics
34:48 Bracer
Connection lost

Rejoining the realm…

Still unreachable

The connection could not be restored.

Session expired

The server has moved on; the page needs a fresh start.